AoeStats
← NuMa | Gacha

Arabia

510125024Analyzed
2v2 RM · 4d ago on Sep 29, 2026· 33m 32s· 4 players
Game mode
Random Map
Map size
Medium (4 player)
Population
200
Speed
Normal
Resources
Standard
Victory
Conquest
Starting age
Dark Age
Ending age
Imperial Age
RankedLock teamsTeams togetherTeam positionsShared explorationLock speedFull tech treeHidden civsTurbo modeCheats
Victory
Defeat
🇨🇦 Ethiopians · Canada
1072
+17
🇨🇴 Italians · Colombia
1054
+17
🇫🇷 Saracens · France
1091
-17
🇫🇷 Mongols · France
1091
-17
NuMa | Gacha
7:19 Loom
10:34 Feudal Age
11:18 Double-Bit Axe
15:21 Wheelbarrow
21:19 Castle Age
19:56 Gold Mining
21:30 Scale Barding Armor
21:39 Bloodlines
22:23 Forging
22:23 Husbandry
24:52 Chain Barding Armor
27:48 Iron Casting
28:58 Horse Collar
Barnico
3:32 Loom
9:35 Feudal Age
10:32 Double-Bit Axe
16:52 Castle Age
15:19 Stone Mining
18:11 Gold Mining
18:05 Horse Collar
23:34 Forging
23:25 Scale Mail Armor
23:53 Scale Mail Armor
31:02 Town Watch
Breton
7:45 Loom
10:47 Feudal Age
11:31 Horse Collar
11:38 Double-Bit Axe
13:57 Fletching
23:21 Castle Age
22:18 Forging
22:33 Gold Mining
24:45 Crossbowman
26:20 Gold Shaft Mining
25:38 Stone Mining
28:28 Iron Casting
27:17 Pikeman
30TITI30
8:44 Loom
10:29 Feudal Age
15:14 Castle Age
16:03 Double-Bit Axe
16:02 Horse Collar
19:10 Bow Saw
22:49 Padded Archer Armor
22:39 Fletching
33:04 Heavy Plow
Connection lost

Rejoining the realm…

Still unreachable

The connection could not be restored.

Session expired

The server has moved on; the page needs a fresh start.